 Dungeon Crawl Stone Soup version 0.20-a0-259-gc929cd2 (webtiles) character file.

37 esc the Chopper (level 3, 0/29 HPs)
             Began as a Hill Orc Monk on Dec 2, 2016.
             Was a Believer of Hepliaklqana.
             Succumbed to an adder's poison
             ... on level 2 of the Dungeon.
             The game lasted 00:04:20 (1350 turns).

esc the Chopper (Hill Orc Monk)                     Turns: 1350, Time: 00:04:21

Health: 0/29       AC:  3    Str: 11 (14) XL:     3   Next: 41%
Magic:  3/3        EV: 12    Int:  9 (10) God:    Hepliaklqana [**....]
Gold:   99         SH:  0    Dex: 11 (13) Spells: 2/2 levels left

rFire  . . .     SeeInvis .     a - +0 hand axe
rCold  . . .     Gourm    .     q - +0 leather armour
rNeg   . . .     Faith    .     (no shield)
rPois  .         Spirit   .     (no helmet)
rElec  .         Reflect  .     (no cloak)
rCorr  .         Harm     .     (no gloves)
MR     .....                    (no boots)
Stlth  +.........               (no amulet)
                                (no ring)
                                (no ring)

@: lethally poisoned (0 -> -4), very slightly contaminated, hasted, very quick
A: reduced essence
a: Recall Ancestor, Ancestor Identity, Renounce Religion


You were on level 2 of the Dungeon.
You worshipped Hepliaklqana.
Hepliaklqana was pleased with you.
You were not hungry.

You visited 1 branch of the dungeon, and saw 2 of its levels.

You collected 99 gold pieces.

Inventory:

Hand Weapons
 a - a +0 hand axe (weapon)
Missiles
 p - 8 stones (quivered)
Armour
 b - a +0 robe
 q - a +0 leather armour (worn)
   (You found it on level 2 of the Dungeon)
Scrolls
 e - 2 scrolls of remove curse {unknown}
 f - a scroll of fear {unknown}
 g - a scroll of identify {unknown}
 i - a scroll of amnesia {unknown}
 o - a scroll of recharging {unknown}
Comestibles
 c - a bread ration {@e1}
 j - 2 chunks of flesh {@w0}


   Skills:
 + Level 3.9 Fighting
 + Level 4.7 Axes
 + Level 1.4 Armour
 + Level 2.7 Dodging
 - Level 1.5 Stealth


You had 2 spell levels left.
You didn't know any spells.

Dungeon Overview and Level Annotations

Branches:
Dungeon (2/15)

Altars:
Hepliaklqana

Annotations:
D:2 Ijyb


Message History

Your experience leads to an increase in your attributes!
Increase (S)trength, (I)ntelligence, or (D)exterity?
You feel stronger.
You regained 4 hp, and now have 19/33 hp.
MP restored: 3 You see here a worm corpse.
You butcher the worm corpse.
j - 2 chunks of flesh {@w0} (gained 1)
There is a hazy altar of Hepliaklqana here.
You kneel at the altar of Hepliaklqana.
Hepliaklqana welcomes you!
You may now remember your ancestor's life.
Hepliaklqana forms a fragment of your life essence into the memory of your ancestor, Sextus!
You can now recall your ancestor.
You can now remember your ancestor's identity.
Are you sure you want to remember your ancestor as a battlemage?
It is so.
The hobgoblin shouts!
The hobgoblin is too close now for your liking.
Ijyb shouts!
The hobgoblin hits you with a club.
You take 4 damage, and have 16/29 hp.
You slash the hobgoblin!
You kill the hobgoblin!
A bat comes into view.
As you read the scroll of teleportation, it crumbles to dust.
You feel strangely unstable.
You hit Ijyb but do no damage. Ijyb screams, "I no like you!"
Ijyb barely misses you.
Sextus hits Ijyb but does no damage.
A kobold comes into view. It is wielding a dagger.
You closely miss Ijyb. Ijyb hits you.
Sextus misses Ijyb.
You take 1 damage, and have 16/29 hp.
You hit Ijyb but do no damage.
Your surroundings suddenly seem different.
An adder comes into view.
Sextus is recalled.
You now have 1/3 mp.
The adder hisses angrily.
An adder comes into view.
It was a potion of cure mutation.
It has a very clean taste.
The adder barely misses you.
It was a potion of cancellation.
You feel magically purged. The adder bites you but does no damage.
The adder barely misses Sextus.
You closely miss the adder. The adder bites you.
You are poisoned.
The adder poisons you!
The adder closely misses Sextus.
Sextus hits the adder with a quarterstaff.
The adder bites you.
You are more poisoned.
The adder poisons you!
You take 5 damage, and have 12/29 hp.
It was a potion of haste.
You feel yourself speed up.
You feel sick.
The adder closely misses Sextus.
The adder bites you.
* * * LOW HITPOINT WARNING * * *
Sextus misses the adder.
You are very lightly contaminated with residual magic.
A giant cockroach comes into view.
You take 5 damage, and have 7/29 hp.
It was a potion of magic.
Magic courses through your body.
* * * LOW HITPOINT WARNING * * *
You feel sick.
The adder closely misses Sextus.
The adder bites you.
* * * LOW HITPOINT WARNING * * *
You take 4 damage, and have 3/29 hp.
MP restored: 3 It was a potion of degeneration.
There was something very wrong with that liquid.
You feel weakened.
You feel dopey.
You feel clumsy.
The adder bites Sextus.
Sextus casts a spell at the adder.
The stone arrow hits the adder.
The adder dies!
Unknown command.
Unknown command.
Unknown command.
Unknown command.
Okay, then.
You aren't carrying any potions.
The adder bites Sextus.
Sextus misses the adder.
* * * LOW HITPOINT WARNING * * *
You feel sick. The adder barely misses you.
You see here an adder corpse.
You take 1 damage, and have 2/29 hp.
Sextus hits the adder with a quarterstaff!
* * * LOW HITPOINT WARNING * * *
You feel sick. The giant cockroach closely misses you.
You take 1 damage, and have 2/29 hp.
Sextus points at the adder and mumbles some strange words.
The puff of frost hits the giant cockroach.
The giant cockroach dies!
A quokka comes into view.
* * * LOW HITPOINT WARNING * * *
You feel sick.
You take 1 damage, and have 1/29 hp.
Sextus gestures at the adder while chanting.
The puff of frost misses the adder.
An ooze comes into view.
You die...

#.. ....# .... #.# ..#.#
#...# #######.# ....##.#.#
#...# #.......# #.#.##.#.#
#...#
#.†.....###........###...###
#...†.?.......#...($K.......
#....R...S....r.............
#......####.#.#..J..........
#....!.# #@#.###g.###...###
#......# #.......)# #...#
######## ###.####.# #...#
..# #.# #...# ## #.# #...#
#.###...### #........)#
#.#........ #_#.###.#..


There were no monsters in sight!

Vanquished Creatures
  A worm (D:2)
  A giant cockroach (D:1)
  6 goblins
  2 hobgoblins (D:2)
  3 jackals (D:1)
  A ball python (D:1)
  3 bats
  2 frilled lizards (D:1)
  2 kobolds (D:1)
  A rat (D:2)
22 creatures vanquished.

Vanquished Creatures (collateral kills)
  An adder (D:2)
  A giant cockroach (D:2)
2 creatures vanquished.

Grand Total: 24 creatures vanquished

Notes
Turn   | Place    | Note
-------+----------+-------------------------------------------
     0 | D:1      | esc the Hill Orc Monk began the quest for the Orb.
     0 | D:1      | Reached XP level 1. HP: 19/19 MP: 1/1
   119 | D:1      | Reached XP level 2. HP: 13/27 MP: 2/2
   708 | D:2      | HP: 3/27 [worm (10)]
   740 | D:2      | HP: 4/27 [bat (1)]
  1254 | D:2      | Noticed Ijyb
  1288 | D:2      | Found a hazy altar of Hepliaklqana.
  1298 | D:2      | Reached skill level 1 in Armour
  1298 | D:2      | Reached XP level 3. HP: 18/33 MP: 3/3
  1310 | D:2      | Became a worshipper of Hepliaklqana the Forgotten
  1310 | D:2      | Reached * piety under Hepliaklqana
  1310 | D:2      | Reached ** piety under Hepliaklqana
  1311 | D:2      | Remembered your ancestor Sextus as a battlemage
  1336 | D:2      | HP: 7/29 [adder (4)]
  1337 | D:2      | HP: 3/29 [adder (3)]
  1343 | D:2      | HP: 2/29 [poisoned by an adder]
  1350 | D:2      | Succumbed to an adder's poison

Vault maps used:
D:1:      dpeg_arrival_tiny_a
D:2:      overflow_temple_1_default, uniq_iyjb

Skill      XL: |  1  2 |
---------------+-------+-----
Armour         | 1 |  1.4
Fighting       | |  3.9
Axes           | |  4.7
Dodging        | |  2.7
Stealth        | |  1.5

Action                   || total
-------------------------++-------
Melee: Hand axe          ||    81
Throw: Stone             ||     1
Invok: Recall Ancestor   ||     1
       Ancestor Life: Ba ||     1
  Use: Scroll            ||     2
       Potion            ||     5
 Stab: Sleeping          ||     2
  Eat: Chunk             ||     1
Armor: Robe              ||     8
       Leather armour    ||     8
Dodge: Dodged            ||    57

Vault maps used:
D:1:      dpeg_arrival_tiny_a
D:2:      overflow_temple_1_default, uniq_iyjb

Table legend:
 A = Turns spent in this place as a percentage of turns spent in the entire game.
 B = Non-inter-level travel turns spent in this place as a percentage of non-inter-level travel turns spent in the entire game.
 C = Inter-level travel turns spent in this place as a percentage of turns spent in this place.
 D = Turns resting spent in this place as a percentage of non-inter-level travel turns spent in this place.
 E = Turns spent auto-exploring this place as a percentage of non-inter-level travel turns spent in this place.
 F = Non-inter-level travel turns spent in this place divided by the number of levels of this place that you've seen.
                   A       B       C       D       E      F
               +-------+-------+-------+-------+-------+----------------------
         Total | 100.0 | 100.0 |   0.8 |   2.7 |   7.1 | 183.0
       Dungeon | 100.0 | 100.0 |   0.8 |   2.7 |   7.1 | 183.0
               +-------+-------+-------+-------+-------+----------------------

Table legend:
 A = Kills in this place as a percentage of kills in entire the game.
 B = Kills by you in this place as a percentage of kills by you in the entire game.
 C = Kills by friends in this place as a percentage of kills by friends in the entire game.
 D = Other kills in this place as a percentage of other kills in the entire game.
 E = Experience gained in this place as a percentage of experience gained in the entire game.
 F = Experience gained in this place divided by the number of levels of this place that you have seen.
                   A       B       C       D       E      F
               +-------+-------+-------+-------+-------+----------------------
         Total | 100.0 | 100.0 | 100.0 |  -nan | 100.0 |  27.0
       Dungeon | 100.0 | 100.0 | 100.0 |  -nan | 100.0 |  27.0
               +-------+-------+-------+-------+-------+----------------------
